 Dungeon Crawl Stone Soup version 0.29-a0-337-g68df138881 (webtiles) character file.

Game seed: 3927079028954111848

485 Murumi the Skirmisher (level 7, -2/44 HPs)
             Began as a Gargoyle Monk on Apr 17, 2022.
             Slain by a wraith (10 damage)
             ... on level 5 of the Dungeon.
             The game lasted 00:16:05 (5114 turns).

Murumi the Skirmisher (Gargoyle Monk)               Turns: 5114, Time: 00:16:05

Health: -2/44      AC: 10    Str: 14    XL:     7   Next: 13%
Magic:  7/7        EV: 12    Int: 11    God:
Gold:   180        SH:  0    Dex: 14    Spells: 6/6 levels left

rFire   + . .      SeeInvis .   v - +3 flail (vorpal)
rCold   . . .      Faith    .   (no shield)
rNeg    + . .      Spirit   .   k - +0 leather armour
rPois   ∞          Reflect  .   q - +1 helmet
rElec   +          Harm     .   h - scarf {shadows}
rCorr   .          Rampage  .   (no gloves)
Will    .....                   (no boots)
Stlth   ++........              l - amulet of regeneration
HPRegen 0.94/turn               j - ring of wizardry
MPRegen 0.10/turn               t - ring of protection from fire

@: slowed, very slow
A: sickness immunity, AC +4, negative energy resistance 1, electricity
resistance, torment resistance 1, petrification resistance
a: no special abilities


You were on level 5 of the Dungeon.
You visited 1 branch of the dungeon, and saw 5 of its levels.

You collected 350 gold pieces.
You spent 170 gold pieces at shops.

Inventory:

Hand Weapons
 u - a +0 flail
 v - a +3 vorpal flail (weapon)
Armour
 f - a +0 plate armour
 h - a scarf of shadows (worn)
 k - a +0 leather armour (worn)
 o - a +0 chain mail
 q - a +1 helmet (worn)
Jewellery
 j - a ring of wizardry (left hand)
 l - an amulet of regeneration (around neck)
 t - a ring of protection from fire (right hand)
Wands
 p - a wand of acid (11)
 r - a wand of flame (14)
Scrolls
 e - 3 scrolls of blinking
 g - 3 scrolls of teleportation
 m - a scroll of fog
 n - a scroll of fear
 s - 2 scrolls of identify
Potions
 a - 2 potions of heal wounds
 b - a potion of cancellation
 c - a potion of ambrosia
 d - 3 potions of brilliance
 i - 2 potions of flight
 w - 3 potions of curing


   Skills:
 - Level 5.0 Fighting
 + Level 4.1 Maces & Flails
 - Level 5.0 Armour
 - Level 3.0 Dodging
 - Level 3.0 Stealth
 - Level 1.0 Evocations


You had 6 spell levels left.
You didn't know any spells.
Your spell library contained the following spells:

 Spells                   Type           Power      Damage    Failure   Level
 Petrify                  Tmut/Erth      0%         N/A       83%         4
 Irradiate                Conj/Tmut      0%         3d13      99%         5
 Sublimation of Blood     Necr           Unusable   N/A       N/A         2

Dungeon Overview and Level Annotations

Branches:
Dungeon (5/15)
 Temple: D:4-7

Altars:

Shops:
D:1 *


Innate Abilities, Weirdness & Mutations

You are immune to sickness and miasma.
Your stone body is resilient. (AC +4)
You are immune to poison.
You resist negative energy. (rN+)
You are resistant to electric shocks. (rElec)
You are resistant to unholy torment.
You are immune to petrification.


Message History

The wraith misses you. The wraith barely misses you.
You hit the wraith but do no damage.
The wraith is heavily damaged.
The wraith hits you. The wraith drains your vigour!
You feel as though you will be slow longer.
The wraith hits you. The wraith drains your vigour!
You feel as though you will be slow longer.
You closely miss the wraith.
The wraith is heavily damaged.
The wraith closely misses you. The wraith hits you!
The wraith drains your vigour!
You feel as though you will be slow longer.
You hit the wraith.
The wraith is severely damaged.
The wraith hits you but does no damage. The wraith hits you!
* * * LOW HITPOINT WARNING * * *
The wraith drains your vigour!
You feel as though you will be slow longer.
You hit the wraith but do no damage.
The wraith is severely damaged.
The wraith hits you.
* * * LOW HITPOINT WARNING * * *
The wraith drains your vigour!
You feel as though you will be slow longer.
You closely miss the wraith.
The wraith is severely damaged.
The wraith misses you. The wraith hits you but does no damage.
You hit the wraith but do no damage.
The wraith is severely damaged.
The wraith barely misses you. The wraith closely misses you.
You barely miss the wraith.
The wraith is severely damaged.
The wraith barely misses you. The wraith hits you.
* * * LOW HITPOINT WARNING * * *
The wraith drains your vigour!
You feel as though you will be slow longer.
You hit the wraith but do no damage.
The wraith is severely damaged.
The wraith hits you!
You die...

#....###.#.#.##############
#.##..............>
#.######.#.#.######
#.#....#.....#
#.#.88.#######
#.#.88.##....###
#.'....#.####..#
######'#†####..#
#..#.##.@### ##..#.##.W#
#.####.###. # #.# #.###(.#
#.# #.#)!### #.####.#$!#
##....##### ######


You could see a wraith.

Vanquished Creatures
  A phantom (D:5)
  A necrophage (D:5)
  A scorpion (D:5)
  2 hounds (D:5)
  An iguana (D:4)
  Robin (D:3)
  3 gnolls (D:4)
  8 adders
  5 orcs
  6 ball pythons
  5 endoplasms
  A giant cockroach (D:1)
  19 goblins
  10 hobgoblins
  6 jackals
  7 kobolds
  3 quokkas
  4 bats
  7 frilled lizards
  8 rats
99 creatures vanquished.

Notes
Turn   | Place    | Note
-------+----------+-------------------------------------------
     0 | D:1      | Murumi the Gargoyle Monk began the quest for the Orb.
     0 | D:1      | Reached XP level 1. HP: 14/14 MP: 1/1
   207 | D:1      | Found a faded altar of an unknown god.
   342 | D:1      | Reached XP level 2. HP: 19/19 MP: 2/2
   542 | D:1      | Reached XP level 3. HP: 13/24 MP: 3/3
   842 | D:1      | Found Netiugor's Assorted Antiques.
   845 | D:1      | Bought 2 scrolls labelled XIPAUKL DULE for 62 gold pieces
   967 | D:1      | Reached skill level 1 in Armour
  1071 | D:1      | Bought a fuming yellow potion for 27 gold pieces
  1377 | D:1      | Bought a grey potion for 27 gold pieces
  1781 | D:2      | Reached XP level 4. HP: 23/29 MP: 4/4
  2184 | D:1      | Bought a metallic silvery potion for 27 gold pieces
  2448 | D:1      | Bought a yellow potion for 27 gold pieces
  3265 | D:3      | Reached XP level 5. HP: 33/33 MP: 5/5
  3268 | D:3      | Noticed Robin
  3295 | D:3      | HP: 1/33 [Robin/+4 dagger of venom (7)]
  3297 | D:3      | Killed Robin
  3882 | D:3      | Reached skill level 1 in Evocations
  4583 | D:4      | Reached XP level 6. HP: 30/38 MP: 6/6
  4831 | D:5      | Entered Level 5 of the Dungeon
  5038 | D:5      | Reached skill level 5 in Fighting
  5055 | D:5      | Noticed a wraith
  5077 | D:5      | Reached skill level 5 in Armour
  5094 | D:5      | Reached XP level 7. HP: 44/44 MP: 7/7
  5114 | D:5      | Slain by a wraith

Illustrated notes

Levels and vault maps discovered:
D:1:      grunt_arrival_lava_bath, layout_loops_ring, serial_shops,
          nicolae_shop_behind_doors, shapermc_ecumenical_altar_venn,
          minmay_cupped
D:2:      layout_loops_ring
D:3:      layout_basic, minmay_hedge_maze, uniq_robin
D:4:      layout_gridville, dk_noncrumbling_3
D:5:      minmay_chambers_of_fours, layout_basic, trog_three_pillars_becter,
          cheibrodos_gnoll_hut, uniq_ijyb

Skill      XL: |  1  2  3  4  5  6 |
---------------+-------------------+-----
Dodging        | 3 |  3.0
Fighting       | 4 5 |  5.0
Armour         | 2 3 4 5 |  5.0
Evocations     | 1 |  1.0
Maces & Flails | 4 |  4.1
Stealth        | 3 |  3.0

Action                   |  1- 3 |  4- 6 |  7- 9 || total
-------------------------+-------+-------+-------++-------
Melee: Mace              |    54 |       |       ||    54
       Whip              |   103 |   193 |       ||   296
       Punch             |     1 |       |       ||     1
       Flail             |       |    84 |    21 ||   105
Evoke: Wand              |       |     1 |       ||     1
  Use: Scroll            |     5 |     9 |       ||    14
       Potion            |       |     1 |       ||     1
 Stab: Distracted        |     1 |       |       ||     1
       Sleeping          |     7 |     6 |       ||    13
Armor: Robe              |    36 |       |       ||    36
       Leather armour    |    27 |    88 |     8 ||   123
Dodge: Dodged            |   101 |   156 |    16 ||   273

Table legend: (Time is in decaauts)
 A = Elapsed time spent in this place.
 B = Non-inter-level travel time spent in this place.
 C = Inter-level travel time spent in this place.
 D = Time resting spent in this place.
 E = Time spent auto-exploring this place.
 F = Levels seen in this place.
 G = Mean time per level.
                   A        B        C        D        E       F      G
               +--------+--------+--------+--------+--------+-----+--------+
         Total |   5152 |   4483 |    669 |    153 |   3343 |   5 | 1030.4 |
       Dungeon |   5152 |   4483 |    669 |    153 |   3343 |   5 | 1030.4 |
               +--------+--------+--------+--------+--------+-----+--------+

Top non-repeatable levels by time:
     D:1: 1543 daAuts
     D:2: 1493 daAuts
     D:3: 1117 daAuts
     D:4: 783 daAuts
     D:5: 214 daAuts
